 Dungeon Crawl Stone Soup version 0.22-a0-407-gb098539 (webtiles) character file.

91 dstrtnsr the Chopper (level 4, -1/61 HPs)
             Began as a Hill Orc Berserker on May 9, 2018.
             Was a Believer of Trog.
             Slain by a leopard gecko (2 damage)
             ... on level 3 of the Dungeon.
             The game lasted 00:01:12 (831 turns).

dstrtnsr the Chopper (Hill Orc Berserker)            Turns: 831, Time: 00:01:13

Health: -1/61      AC:  2    Str: 25    XL:     4   Next: 59%
Magic:  4/4        EV: 12    Int:  7    God:    Trog [**....]
Gold:   119        SH:  0    Dex: 10    Spells: 3/3 levels left

rFire    . . .     SeeInvis .   a - +0 hand axe
rCold    . . .     Gourm    .   (no shield)
rNeg     . . .     Faith    .   b - +0 animal skin
rPois    .         Spirit   .   (no helmet)
rElec    .         Reflect  .   (no cloak)
rCorr    .         Harm     .   (no gloves)
MR       .....                  (no boots)
Stlth    ..........             (no amulet)
HPRegen  0.20/turn              (no ring)
MPRegen  0.09/turn              (no ring)

@: berserking (expiring), very quick
A: no striking features
a: Berserk, Trog's Hand, Renounce Religion


You were on level 3 of the Dungeon.
You worshipped Trog.
Trog was pleased with you.
You were very hungry.

You visited 1 branch of the dungeon, and saw 3 of its levels.

You collected 119 gold pieces.

Inventory:

Hand Weapons
 a - a +0 hand axe (weapon)
Armour
 b - a +0 animal skin (worn)
Jewellery
 l - an uncursed amulet of harm {unknown}
Scrolls
 f - 2 scrolls of identify {unknown}
 h - a scroll of teleportation {unknown}
 j - a scroll of fog {unknown}
 k - a scroll of remove curse {unknown}
Potions
 d - 2 potions of brilliance {unknown}
 g - a potion of cancellation {unknown}
 i - a potion of curing {unknown}
Comestibles
 c - 9 chunks of flesh
 e - 2 rations {!d}


   Skills:
 + Level 4.6 Fighting
 * Level 6.1 Axes
 - Level 2.1 Armour
 - Level 1.5 Dodging


You had 3 spell levels left.
You didn't know any spells.

Dungeon Overview and Level Annotations

Branches:
Dungeon (3/15)

Altars:
Gozag
Makhleb
Ru
Uskayaw


Message History

The orc freezes you.
Okay, then.
You slash the orc!
You kill the orc!
Trog accepts your kill.
You barely miss the orc. You hit the orc but do no damage.
The orc hits you with a falchion. The orc barely misses you.
Unknown command.
You hit the orc but do no damage.
The orc is heavily wounded.
You hit the frilled lizard.
You kill the frilled lizard!
Trog accepts your kill.
You hit the orc. The orc closely misses you. x2
Unknown command.
You hit the orc but do no damage.
The orc is heavily wounded.
You hit the orc. The orc barely misses you.
The orc hits you but does no damage.
Unknown command.
You hit the orc but do no damage.
The orc is severely wounded.
You closely miss the orc.
The orc hits you with a short sword of freezing.
The orc freezes you. The orc hits you with a falchion.
Unknown command.
Unknown command.
You slash the orc!
You kill the orc!
Trog accepts your kill.
You hit the hobgoblin. You hit the orc but do no damage.
The hobgoblin hits you with a club.
The orc hits you with a short sword of freezing.
The orc freezes you.
Unknown command.
You barely miss the hobgoblin.
The hobgoblin is severely wounded.
You hit the orc but do no damage. You barely miss the hobgoblin.
The hobgoblin barely misses you. The orc closely misses you.
The hobgoblin barely misses you.
Unknown command.
You hit the hobgoblin.
You kill the hobgoblin!
Trog accepts your kill.
You hit the orc.
You kill the orc!
Trog accepts your kill.
You hit the hobgoblin but do no damage. The hobgoblin barely misses you.
Unknown command.
You hit the hobgoblin but do no damage. The hobgoblin hits you.
* * * LOW HITPOINT WARNING * * *
Unknown command.
You are too injured to fight recklessly!
Unknown command.
You are too injured to fight recklessly!
You are too injured to fight recklessly!
Unknown command.
You hit the hobgoblin but do no damage. The hobgoblin closely misses you.
You hit the hobgoblin.
You kill the hobgoblin!
Trog accepts your kill.
A leopard gecko comes into view.
The leopard gecko moves out of view.
Items here: ) [ †† a falchion; a leather armour; a hobgoblin corpse; an orc corpse Unknown command.
Some of the chunks of flesh in your inventory have rotted away.
A kobold comes into view. It is wielding a club.
Items here: ) [ †† a falchion; a leather armour; a hobgoblin corpse; an orc corpse You are too injured to fight recklessly!
You are too injured to fight recklessly!
You are too injured to fight recklessly!
You are too injured to fight recklessly!
You are too injured to fight recklessly!
The leopard gecko barely misses you. The leopard gecko bites you.
* * * LOW HITPOINT WARNING * * *
You are too injured to fight recklessly!
The leopard gecko bites you.
* * * LOW HITPOINT WARNING * * *
The leopard gecko bites you.
* * * LOW HITPOINT WARNING * * *
You are too injured to fight recklessly!
You are too injured to fight recklessly!
You are too injured to fight recklessly!
A red film seems to cover your vision as you go berserk!
You feel yourself moving faster!
You feel mighty!
You are feeling very hungry.
The leopard gecko bites you.
* * * LOW HITPOINT WARNING * * *
You closely miss the leopard gecko. You barely miss the leopard gecko.
The leopard gecko bites you.
* * * LOW HITPOINT WARNING * * *
You closely miss the leopard gecko. The leopard gecko misses you.
You closely miss the leopard gecko. The leopard gecko closely misses you.
You barely miss the leopard gecko. The leopard gecko closely misses you.
You closely miss the leopard gecko. The leopard gecko misses you.
You barely miss the leopard gecko. The leopard gecko bites you.
You die...

#.....#### ###
#.....#
##...####
###....# ###
####(# ...
#.####.# ..
#.##... ###..##
#.##.###.......
#@l..##.......
##.......##.##
######.)......##
....##.)........
#...†)....#.
#.........#
#.........##
#..##.........
#.....#....##...


You could see a leopard gecko.

Vanquished Creatures
  2 adders
  An ooze (D:2)
  A worm (D:2)
  2 leopard geckos
  4 orcs (D:3)
  A ball python (D:3)
  5 bats
  3 giant cockroaches
  6 goblins
  8 hobgoblins
  6 jackals
  6 kobolds
  3 quokkas
  A frilled lizard (D:3)
  3 rats (D:3)
52 creatures vanquished.

Notes
Turn   | Place    | Note
-------+----------+-------------------------------------------
     0 | D:1      | dstrtnsr the Hill Orc Berserker began the quest for the Orb.
     0 | D:1      | Reached XP level 1. HP: 19/19 MP: 1/1
    61 | D:1      | Reached XP level 2. HP: 27/27 MP: 2/2
   175 | D:2      | Reached skill level 5 in Axes
   212 | D:2      | Found a burning altar of Makhleb.
   216 | D:2      | Found a sacrificial altar of Ru.
   220 | D:2      | Found an opulent altar of Gozag.
   256 | D:2      | Reached XP level 3. HP: 28/33 MP: 3/3
   422 | D:2      | Reached ** piety under Trog
   542 | D:3      | Reached XP level 4. HP: 35/41 MP: 4/4
   734 | D:3      | Found a hide-covered altar of Uskayaw.
   747 | D:3      | Reached skill level 6 in Axes
   803 | D:3      | HP: 16/41 [orc/short sword of freezing (2)]
   821 | D:3      | HP: 11/41 [leopard gecko (1)]
   822 | D:3      | HP: 4/41 [leopard gecko (4)]
   825 | D:3      | HP: 1/61 [leopard gecko (3)]
   831 | D:3      | Slain by a leopard gecko

Vault maps used:
D:1:      minmay_arrival_semitransparent, serial_bayou_pond_b
D:2:      grunt_temple_overflow_diamond, first_ration, uniq_robin
D:3:      overflow_temple_1_default

Skill      XL: |  1  2  3  4 |
---------------+-------------+-----
Fighting       | 4 |  4.6
Axes           | 5 6 |  6.1
Armour         | |  2.1
Dodging        | |  1.5

Action                   |  1- 3 |  4- 6 || total
-------------------------+-------+-------++-------
Melee: Hand axe          |    63 |    43 ||   106
Invok: Berserk           |     4 |     3 ||     7
  Eat: Chunk             |     2 |     3 ||     5
Armor: Animal skin       |    24 |     5 ||    29
Dodge: Dodged            |    58 |    42 ||   100

Table legend:
 A = Spawn XP
 B = Non-spawn XP
 C = Spawn XP percentage of total XP
 D = Spawn monster count
 E = Non-spawn monster count
 F = Spawn count percentage of total count
 G = Total turns spent on level
                    A         B        C        D         E        F      G
               +---------+---------+-------+---------+---------+-------+---------
         Total |       0 |     131 |   0.0 |       0 |      52 |   0.0 |   831
               +---------+---------+-------+---------+---------+-------+---------
           D:1 |       0 |      15 |   0.0 |       0 |       8 |   0.0 |   170
           D:2 |       0 |      57 |   0.0 |       0 |      19 |   0.0 |   368
           D:3 |       0 |      59 |   0.0 |       0 |      25 |   0.0 |   293
               +---------+---------+-------+---------+---------+-------+---------
